 Seeded DCSS version 0.31-a0-4-gefa6de2278 (webtiles) character file.

Game seed: 9909445277333701623 (custom seed)

1792 Pimp the Sneak (level 9, 0/55 HPs)
             Began as an Octopode Fire Elementalist on May 3, 2023.
             Slain by a sky beast (3 damage)
             ... on level 5 of the Dungeon.
             The game lasted 00:20:52 (5977 turns).

Pimp the Sneak (Octopode Fire Elementalist)         Turns: 5977, Time: 00:20:54

Health: 0/55       AC:  2    Str:  7    XL:     9   Next: 9%
Magic:  7/15       EV: 15    Int: 26    God:
Gold:   259        SH:  0    Dex: 17    Spells: 8/17 levels left

rFire   . . .        t - +3 hand axe of the Morning {speed, rCorr Int+2 Dex+4}
rCold   . . .        (no shield)
rNeg    . . .        o - +1 hat
rPois   .            (no amulet)
rElec   .            b - ring of willpower
rCorr   +            c - ring "Ufrairow" {Wiz Int+5}
SInv    .            n - ring of flight
Will    +....        (no ring)
Stlth   +++++        (no ring)
HPRegen 0.29/turn    (no ring)
MPRegen 0.14/turn    (no ring)
                     (no ring)

%: wizardry (x1)
@: flying, unable to drink
A: almost no armour, amphibious, 8 rings, camouflage 1, gelatinous body 1,
(nimble swimmer 1), tentacles, weak 1, inability to drink after injury 1,
MP-powered wands
a: no special abilities


You were on level 5 of the Dungeon.
You visited 1 branch of the dungeon, and saw 6 of its levels.
You also visited: Ossuary.

You collected 259 gold pieces.

Inventory:

Hand Weapons
 e - a +2 dagger of venom
 t - the +3 hand axe of the Morning (weapon) {speed, rCorr Int+2 Dex+4}
   (You found it on level 5 of the Dungeon)

   Int:       It affects your intelligence (+2).
   Dex:       It affects your dexterity (+4).
   rCorr:     It protects you from acid and corrosion.
Armour
 o - a +1 hat (worn)
Jewellery
 b - a ring of willpower (left tentacle)
 c - the ring "Ufrairow" (right tentacle) {Wiz Int+5}
   (You acquired it on level 1 of the Dungeon)

   [ring of wizardry]

   It improves your spell success rate.
   Int:       It affects your intelligence (+5).
 n - a ring of flight (on tentacle)
Wands
 d - a wand of mindburst (14)
 i - a wand of digging (1)
Scrolls
 k - a scroll of enchant weapon {unknown}
 p - a scroll of magic mapping {unknown}
 q - a scroll of butterflies {unknown}
 r - 4 scrolls of teleportation
 u - a scroll of poison {unknown}
 v - a scroll of brand weapon {unknown}
 w - 2 scrolls of vulnerability {unknown}
 x - a scroll of blinking {unknown}
Potions
 a - 3 potions of magic
 f - a potion of cancellation
 g - a potion of ambrosia
 h - a potion of lignification {unknown}
 j - a potion of heal wounds
 l - 2 potions of haste
 m - 4 potions of attraction
 s - 2 potions of might {unknown}


   Skills:
 + Level 2.9 Fighting
 - Level 2.3 Short Blades
 * Level 2.3 Axes
 + Level 5.0 Dodging
 + Level 6.9 Stealth
 + Level 4.5 Spellcasting
 + Level 4.6 Conjurations
 + Level 5.4 Fire Magic


You had 8 spell levels left.
You knew the following spells:

 Your Spells              Type           Power      Damage    Failure   Level
a - Foxfire               Conj/Fire      100%       2x1d9     1%          1
b - Scorch                Fire           68%        2d8       1%          2
c - Inner Flame           Hex/Fire       20%        N/A       3%          3
d - Volatile Blastmotes   Fire/Tloc      40%        2d13      3%          3

Your spell library contained the following spells:

 Spells                   Type           Power      Damage    Failure   Level
 Sublimation of Blood     Necr           5%         N/A       4%          2
 Flame Wave               Conj/Fire      32%        2d9       4%          4
 Sticky Flame             Conj/Fire      32%        2d5       4%          4
 Dispel Undead            Necr           5%         3d7       32%         4
 Necromutation            Tmut/Necr      2%         N/A       100%        8


Dungeon Overview and Level Annotations

Branches:
Dungeon (6/15)            Ossuary (visited)
 Temple: D:4-7

Altars:
Gozag
Zin


Innate Abilities, Weirdness & Mutations

You cannot wear most types of armour.
You are amphibious.
You can wear up to eight rings at the same time.
Your skin changes colour to match your surroundings (Stealth+).
Your rubbery body absorbs attacks. (AC +1, EV +1)
((You are camouflaged when in or above water. (Stealth+)))
You have tentacles for arms and can constrict up to eight enemies at once.
You are weak. (Str -2)
You occasionally lose the ability to drink potions when taking damage.
You expend magic power (3 MP) to strengthen your wands.


Message History

The sky beast is lightly wounded.
The sky beast barely misses you.
You hit the sky beast. You squeeze the sky beast.
The sky beast is moderately wounded.
The sky beast barely misses you.
You completely miss the sky beast.
You squeeze the sky beast, but do no damage.
The sky beast is moderately wounded.
The sky beast closely misses you. The yak gores you! The sky beast hits you.
The sky beast shocks you.
You fly upwards.
There is a stone staircase leading down, spattered with blood here.
The sky beast attacks as you move away! The sky beast barely misses you.
The yak attacks as you move away! The yak barely misses you.
The sky beast flickers out of sight!
Deactivating autopickup; reactivate with Ctrl-A.
Something hits you. Something shocks you.
Casting: Foxfire (safe; 1% risk of failure)
Confirm with . or Enter, or press ? or * to list all spells.
Flames lash something.
The yak completely misses you. Something hits you. Something shocks you.
Casting: Scorch (safe; 1% risk of failure)
Confirm with . or Enter, or press ? or * to list all spells.
Flames lash the yak.
The yak is lightly wounded.
The yak's fire resistance burns away.
The yak closely misses you. Something barely misses you.
Unknown command.
Casting: Scorch (safe; 1% risk of failure)
Confirm with . or Enter, or press ? or * to list all spells.
Flames lash the yak.
The yak is burned terribly!
The yak is heavily wounded.
The yak barely misses you. Something hits you. Something shocks you.
Casting: Scorch (safe; 1% risk of failure)
Confirm with . or Enter, or press ? or * to list all spells.
Flames lash something.
The yak gores you!
You feel threatened and lose the ability to drink potions!
* * * LOW HITPOINT WARNING * * *
Something hits you.
You die...

################################
#.........'..........#..........
#.........#....@Y....#..........
#######.####...##{>[..########...
..##########...##.....##....##...
...#.....#.....##.....##.....#...
...'.....'............'......#...
#.###.####.##..##.....##....##...
#####.####.######.....##....##...
.......>...#...........#.........
....)......#...........#.........


You could see a yak (combustible).

Vanquished Creatures
  A kobold demonologist (D:5)
  A water moccasin (D:5)
  Duvessa (D:5)
  An ice beast (D:5)
  A black bear (D:3)
  An ogre (D:4)
  A phantom (D:5)
  2 scorpions
  Dowan (D:5)
  3 hounds
  2 orc priests
  3 iguanas (D:5)
  Jessica (D:3)
  Terence (D:3)
  2 sleepcaps
  13 mummies (Ossuary)
  3 gnolls (D:2)
  12 adders
  A shadow imp (D:5)
  5 worms
  2 dart slugs (D:3)
  13 orcs
  3 ball pythons (D:1)
  4 endoplasms
  3 giant cockroaches
  7 goblins
  12 hobgoblins
  10 jackals
  3 quokkas
  8 bats
  2 frilled lizards (D:3)
  3 gnoll skeletons (Ossuary)
  3 goblin skeletons (Ossuary)
  7 kobolds
  2 orc skeletons (Ossuary)
  7 rats
  11 rat skeletons (Ossuary)
156 creatures vanquished.

Vanquished Creatures (others)
  56 foxfires
56 creatures vanquished.

Grand Total: 212 creatures vanquished

Notes
Turn   | Place    | Note
-------+----------+-------------------------------------------
     0 | D:1      | Pimp the Octopode Fire Elementalist began the quest for the
                  | Orb.
     0 | D:1      | Reached XP level 1. HP: 11/11 MP: 3/3
   160 | D:1      | Reached XP level 2. HP: 14/17 MP: 3/5
   168 | D:1      | Reached skill level 3 in Stealth
   187 | D:1      | Identified a scroll of acquirement
   187 | D:1      | Acquired the ring "Ufrairow" {Wiz Int+5}
   278 | D:1      | Learned a level 2 spell: Scorch
   466 | D:1      | You fall into a shaft and drop 1 floor!
   588 | D:1      | Reached XP level 3. HP: 21/21 MP: 6/6
   676 | D:1      | Learned a level 3 spell: Inner Flame
  1323 | D:2      | Reached XP level 4. HP: 27/27 MP: 0/7
  1720 | D:2      | Found a faded altar of an unknown god.
  2204 | D:3      | Noticed a black bear
  2217 | D:3      | Killed a black bear
  2218 | D:3      | Reached skill level 4 in Stealth
  2218 | D:3      | Reached XP level 5. HP: 13/31 MP: 7/9
  2420 | D:3      | Noticed Jessica
  2425 | D:3      | Killed Jessica
  2426 | D:3      | Reached XP level 6. HP: 35/36 MP: 3/10
  2431 | D:3      | Gained mutation: You expend magic power (3 MP) to
                  | strengthen your wands. [potion of mutation]
  2431 | D:3      | Gained mutation: You occasionally lose the ability to drink
                  | potions when taking damage. [potion of mutation]
  2584 | D:3      | Learned a level 3 spell: Volatile Blastmotes
  2650 | D:3      | Noticed Terence
  2658 | D:3      | Killed Terence
  2866 | D:3      | Reached skill level 5 in Stealth
  3238 | D:4      | Reached XP level 7. HP: 41/41 MP: 12/12
  3299 | D:4      | Got the Grimoire of the Damned
  3759 | D:4      | Found a glowing silver altar of Zin.
  3780 | D:4      | Found an opulent altar of Gozag.
  3975 | D:5      | Entered Level 5 of the Dungeon
  3982 | D:5      | Reached skill level 1 in Fighting
  3982 | D:5      | Reached skill level 1 in Short Blades
  4119 | D:5      | Found a sand-covered staircase.
  4131 | Ossuary  | Entered an ossuary
  4225 | Ossuary  | Reached XP level 8. HP: 31/48 MP: 8/13
  4537 | Ossuary  | Reached skill level 6 in Stealth
  4744 | D:5      | Lost mutation: You expend magic power (3 MP) to strengthen
                  | your wands. [potion of mutation]
  4744 | D:5      | Lost mutation: You occasionally lose the ability to drink
                  | potions when taking damage. [potion of mutation]
  4744 | D:5      | Gained mutation: Your mind is acute. (Int +4, Str/Dex -1)
                  | [potion of mutation]
  4745 | D:5      | Lost mutation: Your mind is acute. (Int +4, Str/Dex -1)
                  | [potion of mutation]
  4745 | D:5      | Gained mutation: You have hidden genetic defects. [potion
                  | of mutation]
  4745 | D:5      | Gained mutation: You expend magic power (3 MP) to
                  | strengthen your wands. [potion of mutation]
  4907 | D:5      | Noticed Duvessa
  4908 | D:5      | Noticed Dowan
  5024 | D:5      | Killed Duvessa
  5025 | D:5      | Reached skill level 5 in Fire Magic
  5047 | D:4      | Gained mutation: You are weak. (Str -2) [hidden defects]
  5125 | D:5      | Killed Dowan
  5239 | D:5      | Identified the +3 hand axe of the Morning {speed, rCorr
                  | Int+2 Dex+4}
  5367 | D:5      | Reached skill level 1 in Axes
  5500 | D:5      | Gained mutation: You occasionally lose the ability to drink
                  | potions when taking damage. [hidden defects]
  5500 | D:5      | Lost mutation: You have hidden genetic defects. [hidden
                  | defects expressed]
  5825 | D:6      | Noticed a yak
  5825 | D:6      | Noticed a kobold demonologist
  5825 | D:6      | Noticed a skeletal warrior
  5836 | D:5      | Killed a kobold demonologist
  5837 | D:5      | Reached XP level 9. HP: 47/55 MP: 12/15
  5875 | D:5      | Reached skill level 5 in Dodging
  5977 | D:5      | Slain by a sky beast

Illustrated notes

Levels and vault maps discovered:
D:1:      psy_arrival_radial01, layout_rooms, chequers_hall_statues_wall_a,
          supply_closet_lemuel
D:2:      layout_basic, hellmonk_ecumenical_altar_arch_garden
D:3:      minmay_angry_zag, layout_basic, st_stairs_13, hellmonk_no_cap,
          uniq_jessica, uniq_terence
D:4:      layout_gridville, pdpol_temple_overflow_zin_treasury_gozag_greed,
          nrook_campfire
D:5:      layout_gridville, nicolae_ossuary_entry_monument, uniq_duvessa
D:6:      layout_basic, lemuel_zombie_altar_kikubaaqudgha, minmay_manual_moon

Skill      XL: |  1  2  3  4  5  6  7  8  9 |
---------------+----------------------------+-----
Stealth        | 3 4 5 6 |  6.9
Conjurations   | 2 3 4 |  4.6
Dodging        | 3 4 5 |  5.0
Spellcasting   | 3 4 |  4.5
Fire Magic     | 4 5 |  5.4
Fighting       | 1 2 |  2.9
Short Blades   | 1 2 |  2.3
Axes           | 2 |  2.3

Action                     |  1- 3 |  4- 6 |  7- 9 || total
---------------------------+-------+-------+-------++-------
  Melee: Unarmed           |    20 |       |       ||    20
         Constrict         |    13 |    20 |    30 ||    63
         Tentacles         |     9 |    18 |    38 ||    65
         Punch             |     1 |     2 |     3 ||     6
         Dagger            |    24 |    68 |    69 ||   161
         Hand axe          |       |       |    36 ||    36
   Cast: Foxfire           |    21 |     5 |    11 ||    37
         Scorch            |    12 |    30 |    64 ||   106
         Inner Flame       |       |     1 |       ||     1
    Use: Scroll            |     1 |     6 |     4 ||    11
         Potion            |       |     3 |     4 ||     7
   Stab: Sleeping          |     5 |     8 |    10 ||    23
 Armour: Skin              |     2 |    13 |     8 ||    23
  Dodge: Dodged            |    29 |    59 |    83 ||   171

Table legend: (Time is in decaauts)
 A = Elapsed time spent in this place.
 B = Non-inter-level travel time spent in this place.
 C = Inter-level travel time spent in this place.
 D = Time resting spent in this place.
 E = Time spent auto-exploring this place.
 F = Levels seen in this place.
 G = Mean time per level.
                   A        B        C        D        E       F      G
               +--------+--------+--------+--------+--------+-----+--------+
         Total |   5967 |   5645 |    322 |   1963 |   2198 |   7 |  852.4 |
       Dungeon |   5360 |   5038 |    322 |   1668 |   2198 |   6 |  893.3 |
       Ossuary |    607 |    607 |      0 |    295 |      0 |   1 |  607.0 |
               +--------+--------+--------+--------+--------+-----+--------+

Top non-repeatable levels by time:
     D:2: 1204 daAuts
     D:5: 1183 daAuts
     D:3: 1047 daAuts
     D:1: 978 daAuts
     D:4: 932 daAuts
 Ossuary: 607 daAuts
     D:6: 14 daAuts
